[Event "*** SCC Grand Prix: Titled Tuesday Blitz"]
[Site "Chess.com"]
[Date "2020.07.21"]
[Round "8"]
[White "dpopadic"]
[Black "tan275"]
[Result "1/2-1/2"]
[WhiteElo "2362"]
[BlackElo "2255"]
[TimeControl "180+1"]
[EndTime "11:36:40 PDT"]
[Termination "Game drawn by repetition"]

1. e4 c6 2. d4 d5 3. Nd2 dxe4 4. Nxe4 Bf5 5. Ng3 Bg6 6. h4 h6 7.
Nf3 e6 8. Ne5 Bh7 9. Bc4 Nf6 10.
Qe2 Nd5 11. Bb3 Nd7 12. Bd2 Nxe5 13. dxe5 Qc7 14. O-O-O O-O-O 15. f4 Be7 16. Ne4 Bxe4 17. Qxe4 Rd7 18. c4 Nb4 19. Bc3 Rhd8 20. Rxd7 Rxd7 21.
Bxb4 Bxb4 22. Rd1 Rxd1+ 23. Bxd1 Qd7 24. Qe2 Qd4 25. g3 Kc7 26. a3 Bc5 27. h5 Qe3+ 28. Qxe3 Bxe3+ 29. Kc2 Bf2 30. Kd3 Bxg3 31. Ke4 Be1 32.
b3 a5 33. Bg4 Kb6 34. f5 exf5+ 35. Bxf5 Kc5 36. Bh7 Bc3 37. Bg8 f6 38. e6 Kd6 39.
Kf5 Ke7 40. Bf7 Bb2 41. a4 Bc3 42. Kg6 f5 43. Kxf5 Bb2 44. Ke4 Ba1 45. Kd3 Kd6 46.
Ke4 Bf6 47. Kf5 Kc5 48. Be8 Kd6 49. Bd7 b6 50. Kg6 Ke7 51. Bxc6 Bb2 52. Bd7 Bc3 53. Kf5 Bb2 54. Ke4 Kd6 55. Bc8 Ba1 56. Bd7 Bb2 57.
Kf5 Ba1 58. Kg6 Ke7 59. Bc8 Bb2 60. Kf5 Ba1 61. Ke4 Kd6 62. Kd3 Bb2 63. c5+ bxc5 64. Kc4 Ba1 65. Bd7 Be5 66. Bc8 Bf6 67. Bd7 Be5 68.
Bc8 Bf6 69. Bd7 Be5 1/2-1/2

[Event "*** SCC Grand Prix: Titled Tuesday Blitz"]
[Site "Chess.com"]
[Date "2020.07.21"]
[Round "8"]
[White "Arjun2002"]
[Black "Sam_ChessMood"]
[Result "0-1"]
[WhiteElo "2609"]
[BlackElo "2798"]
[TimeControl "180+1"]
[EndTime "11:36:41 PDT"]
[Termination "Sam_ChessMood won on time"]

1. e4 e5 2. Nf3 d6 3. d4 exd4 4. Nxd4 Nf6 5. Nc3 Be7 6. Be2 O-O 7.
Bf4 Nc6 8. Qd2 Nxd4 9. Qxd4 Be6 10. O-O-O Nd7 11. Kb1 Bf6 12. Qd2 Nc5 13. f3 b5 14. g4 b4 15. Nd5 Bxd5 16. Qxd5 Bxb2 17. Qxc5 dxc5 18. Rxd8 Rfxd8 19. Kxb2 a5 20. Bxc7 Rd2 21.
Re1 a4 22. Bf4 Rdd8 23. Bc4 h6 24. Be3 Rac8 25. h4 Rd7 26. Ba6 Rcc7 27. Bb5 a3+ 28.
Kb3 Rd8 29. Bc4 Kf8 30. Bd5 Kg8 31. Kc4 Kh8 32. g5 hxg5 33. hxg5 g6 34. Rh1+ Kg8 35. Bf4 Re7 36. Kxc5 Rc8+ 37. Kxb4 Rxc2 38. Kxa3 Rc3+ 39. Kb2 Rxf3 40. Bd6 Re8 41. e5 Rf2+ 42. Ka1 Rd2 43. Bb3 Rf2 44. Rc1 Ra8 45. Rc2 Rxc2 46. Bxc2 Ra5 47. a4 Rd5 48. Kb2 Rd2 49. a5 Rd5 0-1

[Event "*** SCC Grand Prix: Titled Tuesday Blitz"]
[Site "Chess.com"]
[Date "2020.07.21"]
[Round "8"]
[White "okriak"]
[Black "Skatchkov_V"]
[Result "1-0"]
[WhiteElo "2715"]
[BlackElo "2592"]
[TimeControl "180+1"]
[EndTime "11:36:42 PDT"]
[Termination "okriak won on time"]

1. Nf3 Nf6 2. c4 e6 3. g3 b6 4. Bg2 Bb7 5. O-O Be7 6. Nc3 O-O 7. Re1 d6 8. e4 c5 9. d4 cxd4 10. Nxd4 a6 11. e5 dxe5 12. Bxb7 Ra7 13. Nxe6 Qxd1 14.
Nxd1 Bb4 15. Rxe5 Nbd7 16. Re2 fxe6 17. Bg2 Kf7 18. a3 Bd6 19. b4 Rc7 20. Ne3 Ne5 21.
Rc2 Rfc8 22. Bf1 Nf3+ 23. Kh1 Nd4 24. Rd2 e5 25. Rb1 Ne4 26. Bg2 Nxd2 27. Bxd2 g6 28. Bd5+ Kg7 29. Kg2 Be7 30. Bc3 Rd8 31. Rd1 a5 32. Rxd4 axb4 33. axb4 Bxb4 34. Rd3 Bxc3 35. Rxc3 b5 36. Rb3 bxc4 37. Bxc4 Rf8 38. Rb2 Rd7 39. h4 Rc7 40. Bd5 Rd7 41. Be4 Rd4 42. f3 Rd7 43.
Rb5 Re8 44. Kh3 Ree7 45. Ng4 Rd1 46. Nxe5 Ra7 47. Nd3 Ra2 48. Kg4 1-0

[Event "*** SCC Grand Prix: Titled Tuesday Blitz"]
[Site "Chess.com"]
[Date "2020.07.21"]
[Round "8"]
[White "Dauletova"]
[Black "mamey78"]
[Result "0-1"]
[WhiteElo "2337"]
[BlackElo "2524"]
[TimeControl "180+1"]
[EndTime "11:36:42 PDT"]
[Termination "mamey78 won on time"]

1. e4 e5 2. Nf3 Nc6 3. Bb5 a6 4. Ba4 Nf6 5. O-O b5 6. Bb3 Be7 7.
Re1 O-O 8. a4 d5 9. exd5 Na5 10.
axb5 Nxb3 11. cxb3 e4 12. Ne5 Qxd5 13. Nc6 Bd6 14.
Nc3 Qf5 15. h3 Bd7 16. d4 axb5 17. Rxa8 Rxa8 18. d5 Nxd5 19. Qxd5 Qxd5 20. Nxd5 Bxc6 21. Nc3 Ra1 22. Bd2 Rxe1+ 23. Bxe1 f5 24. Kf1 b4 25. Nd1 Bb5+ 26. Kg1 Kf7 27. Bd2 Ke6 28. Ne3 Be5 29.
Bxb4 Bxb2 30. Bf8 g6 31. Nc2 Bc3 32. g3 Bd3 33. Ne3 Bd4 34. Nc4 Bxc4 35. bxc4 Be5 36.
Kf1 Bd6 37. Bg7 Be5 38. Bf8 Kd7 39. Ke2 Kc6 40. Ke3 Bd6 41. Bg7 Bc5+ 42. Kf4 Bxf2 43.
g4 Bc5 44. gxf5 gxf5 45. Kxf5 e3 46. Bc3 e2 47. Be1 Bd4 48. Ke4 Kc5 49. Kd3 c6 50.
Kxe2 Kxc4 51. Kf3 Kd5 52. Kf4 c5 53. Kg5 c4 54. Kh6 Ke4 55. Kxh7 Kd3 56. h4 Be3 57. Ba5 Bd2 0-1

[Event "*** SCC Grand Prix: Titled Tuesday Blitz"]
[Site "Chess.com"]
[Date "2020.07.21"]
[Round "8"]
[White "TheCount"]
[Black "turayev_shahruh17"]
[Result "1-0"]
[WhiteElo "2664"]
[BlackElo "2536"]
[TimeControl "180+1"]
[EndTime "11:36:43 PDT"]
[Termination "TheCount won by resignation"]

1. d4 c5 2. d5 Nf6 3. c4 g6 4.
Nc3 Bg7 5. e4 d6 6. Bg5 O-O 7.
Be2 b5 8. cxb5 a6 9. bxa6 Bxa6 10.
Bxa6 Nxa6 11. Nge2 Qa5 12. O-O Rfb8 13. b3 h6 14. Bd2 Nb4 15. a4 Qa6 16. f3 Ne8 17. Rb1 Nc7 18. Be3 Nd3 19. Qd2 Rb7 20. Bxh6 Rab8 21. Bxg7 Kxg7 22. Nb5 Nxb5 23. Qxd3 Nc7 24. Qc3+ Kg8 25. Nf4 Rb4 26. h4 Qb7 27. h5 g5 28.
Nh3 f6 29. f4 g4 30. Qg3 Qc8 31. f5 Kf7 32. Qxg4 Qg8 33. Qg6+ Kf8 34. Nf4 Rxb3 35. Rxb3 Rxb3 36. Ra1 Rb6 37. a5 Ra6 38. g4 Qxg6 39. fxg6 Kg7 40. Rb1 Ra7 41. Rb6 Kh6 42. Rc6 Nb5 43.
Ne6 Ra8 44. g7 Kh7 45. a6 Nd4 46. Nxd4 cxd4 47. Rc7 Kxg7 48. Rxe7+ Kh6 49. a7 Kg5 50. Rg7+ Kf4 51. Kf2 Kxe4 52. h6 Kd3 53. h7 Kc2 54. Rg8 1-0

[Event "*** SCC Grand Prix: Titled Tuesday Blitz"]
[Site "Chess.com"]
[Date "2020.07.21"]
[Round "8"]
[White "FairChess_on_YouTube"]
[Black "sergiochess83"]
[Result "1-0"]
[WhiteElo "2993"]
[BlackElo "2836"]
[TimeControl "180+1"]
[EndTime "11:36:44 PDT"]
[Termination "FairChess_on_YouTube won by resignation"]

1. e4 e5 2. Nc3 Nf6 3. Nf3 Nc6 4. Bb5 Bb4 5. O-O O-O 6. d3 d6 7. Ne2 Ne7 8. c3 Ba5 9. Ng3 c6 10. Ba4 Ng6 11. d4 Re8 12. Bc2 Bb6 13. h3 d5 14.
Nxe5 Nxe4 15. Nxe4 dxe4 16. Qh5 Nxe5 17. dxe5 g6 18. Qh6 Rxe5 19. Be3 Qe7 20. Rae1 Bxe3 21. Rxe3 Bd7 22. Rfe1 f5 23. f3 Rf8 24. h4 c5 25.
Qf4 Bc6 26. fxe4 fxe4 27. Qg3 Kg7 28. a3 b6 29. b4 Qf6 30. Kh2 Qf4 31. bxc5 Qxg3+ 32. Kxg3 Rxc5 33. Rd1 Re8 34. Rd6 Re7 35. Kf4 Rf7+ 36. Kg3 Rf6 37. Rd4 g5 38. h5 Kh6 39.
Bd1 Re6 40. Bg4 Rf6 41. Rd8 Rd5 42. Rc8 Rd3 43. Rxd3 exd3 44. Rd8 Be4 45. Rd4 Bf5 46.
Bxf5 Rxf5 47. Rxd3 Kxh5 48. Rd7 Ra5 49. Rxh7+ Kg6 50. Rc7 Rxa3 51. Kg4 Ra4+ 52. c4 Kf6 53. Rc6+ Ke5 54. Kxg5 Kd4 55. g4 Rxc4 56. Rxc4+ Kxc4 57. Kf6 b5 58. g5 1-0

[Event "*** SCC Grand Prix: Titled Tuesday Blitz"]
[Site "Chess.com"]
[Date "2020.07.21"]
[Round "8"]
[White "Violord"]
[Black "BogdanDeac"]
[Result "0-1"]
[WhiteElo "2633"]
[BlackElo "2801"]
[TimeControl "180+1"]
[EndTime "11:36:44 PDT"]
[Termination "BogdanDeac won on time"]

1. Nf3 d5 2. g3 Nf6 3. Bg2 e6 4. O-O Be7 5. c4 O-O 6. b3 d4 7. e3 c5 8. exd4 cxd4 9. d3 Nc6 10. Re1 Nd7 11. a3 a5 12. Ra2 e5 13. Rae2 Re8 14. Nbd2 f6 15. Nh4 Nc5 16. Ne4 g5 17. Nxc5 Bxc5 18. Nf3 Bg4 19. h3 Bh5 20.
Qc2 Qd6 21. h4 h6 22. Nd2 gxh4 23. Ne4 Qe7 24. f4 f5 25. Nxc5 Qxc5 26. Bxc6 Qxc6 27.
Rxe5 hxg3 28. Qg2 Rxe5 29. Rxe5 Bf3 30. Qxg3+ Kh8 31. Kf1 Rg8 32. Qh2 Bg2+ 33. Ke1 Rg6 34. Bb2 Qf3 35. Bxd4 Kg8 36. Re3 Qf1+ 37. Kd2 Bf3 38.
Re8+ Kf7 39. Re5 Rg2+ 40. Qxg2 Qxg2+ 41. Kc3 Bd1 42. Bc5 Qc2+ 43. Kd4 Qb2+ 44. Kd5 Qxb3 45. Re7+ Kg6 46. Re6+ Kh5 47. Kd4 Bc2 48. Re3 Kg4 49. Bd6 h5 50. Re8 Qxd3+ 51. Kc5 b6+ 0-1

[Event "*** SCC Grand Prix: Titled Tuesday Blitz"]
[Site "Chess.com"]
[Date "2020.07.21"]
[Round "8"]
[White "Munkhzul_Turmunkh"]
[Black "bascheyaro"]
[Result "1-0"]
[WhiteElo "2621"]
[BlackElo "2721"]
[TimeControl "180+1"]
[EndTime "11:36:44 PDT"]
[Termination "Munkhzul_Turmunkh won by resignation"]

1. e4 e6 2. d4 d5 3. exd5 exd5 4. Bd3 c5 5. dxc5 Bxc5 6. Nf3 Nf6 7. O-O O-O 8. Bf4 Bg4 9. h3 Bh5 10. Nbd2 Nc6 11.
c3 Bb6 12. Qc2 Rc8 13. a3 Re8 14. Rae1 Bg6 15. Bxg6 hxg6 16. Rxe8+ Qxe8 17. Re1 Qd7 18. Qd3 Re8 19. Rxe8+ Qxe8 20. Kf1 Qe6 21. Ng5 Qe7 22. Qe2 Kf8 23. Ngf3 Ne4 24. Nxe4 Qxe4 25. Qxe4 dxe4 26. Nd2 f5 27. f3 exf3 28. Nxf3 Kf7 29. Ne5+ Nxe5 30.
Bxe5 g5 31. Ke2 g6 32. Kf3 Ke6 33. Bg7 Bc7 34. Bd4 a6 35. a4 Kd5 36. Bf6 Bf4 37.
b3 Bd2 38. Ke2 Bf4 39. Kd3 Ke6 40. Bd8 Bc1 41. b4 g4 42. hxg4 fxg4 43. c4 Ba3 44. b5 Bc5 45. Ke4 Kd6 46. Bf6 Bf2 47. Bd4 g3 48. c5+ Kd7 49. Kd5 Kc8 50. Be5 axb5 51. axb5 g5 52. c6 g4 53. Bd6 Bb6 54. Bxg3 Ba5 55.
Bd6 Bd2 56. Ke4 bxc6 57. bxc6 Bb4 58. Bxb4 1-0

[Event "*** SCC Grand Prix: Titled Tuesday Blitz"]
[Site "Chess.com"]
[Date "2020.07.21"]
[Round "8"]
[White "Gabix_94"]
[Black "1977Ivan"]
[Result "0-1"]
[WhiteElo "2883"]
[BlackElo "2736"]
[TimeControl "180+1"]
[EndTime "11:36:45 PDT"]
[Termination "1977Ivan won by checkmate"]

1. Nf3 c5 2. c4 Nc6 3. Nc3 g6 4. g3 Bg7 5. Bg2 d6 6. O-O h5 7. b3 Bd7 8. Bb2 Qc8 9. h4 Bh3 10. d3 Nh6 11. Qd2 Bxg2 12. Kxg2 Nf5 13. Nd5 Kf8 14. Bxg7+ Kxg7 15. Rab1 e6 16. Qb2+ Ncd4 17. e3 exd5 18. exd4 dxc4 19. dxc5+ f6 20. bxc4 Rb8 21. cxd6 Rd8 22. Qa3 Rxd6 23. Rfe1 Qc6 24. Re4 Rbd8 25. Qxa7 R8d7 26. Rf4 Rxd3 27. Kh2 Rxf3 28. Rb6 Rxf2+ 29. Rxf2 Qc5 30. Ra6 Qe5 31. Ra3 Nxh4 32. Qe3 Qxe3 33.
Rxe3 Nf5 34. Rb3 Kh6 35. Rfb2 Rd4 36. Rc3 Rd7 37. a4 Kg5 38. a5 Kg4 39. c5 h4 40.
gxh4 Nxh4 41. Rc4+ Kh5 42. c6 bxc6 43. Rxc6 f5 44.
a6 g5 45. Rb7 Rd2+ 46. Kh1 Nf3 47. Rh7+ Kg4 48. a7 Ra2 49. Rc2 Ra1+ 50. Kg2 Ne1+ 51. Kf2 Nxc2 52. Rh1 Ra2 53. Rg1+ Kf4 54. Rc1 Ne3+ 55.
Kg1 Rxa7 56. Rc4+ Kf3 57. Rc1 f4 58. Rb1 Ra2 59. Kh1 Rg2 60. Rf1+ Rf2 61. Rg1 g4 62. Re1 g3 63. Rg1 Rh2# 0-1

[Event "*** SCC Grand Prix: Titled Tuesday Blitz"]
[Site "Chess.com"]
[Date "2020.07.21"]
[Round "8"]
[White "Parkas"]
[Black "benko_008"]
[Result "1-0"]
[WhiteElo "2350"]
[BlackElo "2420"]
[TimeControl "180+1"]
[EndTime "11:36:45 PDT"]
[Termination "Parkas won on time"]

1. d4 d5 2. Nc3 e6 3. Bf4 Bd6 4. e3 Nf6 5. Nf3 b6 6. Qd2 Ba6 7. O-O-O Bxf1 8. Rhxf1 Bb4 9. Qd3 Bxc3 10. Qxc3 c5 11.
dxc5 O-O 12. Bg5 Ne4 13. Bxd8 Nxc3 14. bxc3 Rxd8 15. cxb6 axb6 16. Kb2 Nc6 17. Rd3 Na5 18. Ra1 Rdc8 19. Nd4 Nc4+ 20. Kc1 Ra5 21. a4 Rca8 22. Nb3 Rxa4 23. Rxa4 Rxa4 24. e4 Ne5 25. Rd4 Rxd4 26. cxd4 Nc6 27. exd5 exd5 28. Kd2 f6 29. Kd3 Nb4+ 30.
Kc3 Na2+ 31. Kb2 Nb4 32. Kc3 Nc6 33. Kd3 Kf7 34. c4 Ke6 35. c5 b5 36. g4 g5 37. h3 f5 38. f3 f4 39. Kc3 b4+ 40. Kd3 Na7 41. Na5 Nb5 42. Nc6 Nc3 43. Nxb4 Nd1 44.
Nc2 Nf2+ 45. Kc3 Nxh3 46. Ne1 Nf2 47. Kb4 Nd1 48. Kb5 h5 49. gxh5 Nc3+ 50. Kb6 Ne2 51. c6 Nxd4 52. c7 Kd6 53. h6 Ne6 54. c8=Q Nf8 55.
Qxf8+ 1-0

[Event "*** SCC Grand Prix: Titled Tuesday Blitz"]
[Site "Chess.com"]
[Date "2020.07.21"]
[Round "8"]
[White "Paul66666"]
[Black "AlexTriapishko"]
[Result "1-0"]
[WhiteElo "2521"]
[BlackElo "2629"]
[TimeControl "180+1"]
[EndTime "11:36:46 PDT"]
[Termination "Paul66666 won on time"]

1. e4 c5 2. Nc3 Nc6 3. g3 g6 4. Bg2 Bg7 5. d3 d6 6. Be3 h5 7. h3 Nd4 8. Qd2 e6 9. Nd1 Ne7 10. c3 Ndc6 11. Ne2 b6 12. O-O d5 13. d4 dxe4 14. Bxe4 Ba6 15. Re1 cxd4 16. Nxd4 Rc8 17. Nxc6 Qxd2 18. Bxd2 Nxc6 19. Bg5 Ne5 20. Bf4 Nd3 21.
Bxd3 Bxd3 22. Be5 f6 23. Bd6 Kf7 24. Ne3 Rhd8 25. Ba3 Be4 26. Rad1 Bf3 27. Rxd8 Rxd8 28. Nc4 Bf8 29. Bxf8 Kxf8 30. a4 g5 31. Kh2 Kf7 32. Re3 g4 33. Re1 e5 34. Kg1 Ke6 35. h4 Rd3 36.
Kf1 Kd5 37. Ne3+ Ke6 38. Nc4 Bd5 39. Ne3 Bb3 40. Ra1 f5 41. a5 b5 42. Ke2 Rd6 43. Ra3 Bc4+ 44. Nxc4 bxc4 45. Ra4 Kd5 46. Rb4 Kc5 47.
Rb7 Ra6 48. Rf7 Kd5 49. Rxf5 Rxa5 50. Kd2 1-0

[Event "*** SCC Grand Prix: Titled Tuesday Blitz"]
[Site "Chess.com"]
[Date "2020.07.21"]
[Round "8"]
[White "chigorin28"]
[Black "csati17"]
[Result "1-0"]
[WhiteElo "2447"]
[BlackElo "2604"]
[TimeControl "180+1"]
[EndTime "11:36:46 PDT"]
[Termination "chigorin28 won by checkmate"]

1. e4 e6 2. d4 d5 3. Bd3 Nc6 4.
Ne2 Nb4 5. O-O Nxd3 6. Qxd3 Nf6 7. e5 Nd7 8. f4 g6 9. Nd2 c5 10. c3 a6 11. Nf3 b5 12. Be3 c4 13. Qd1 Nb6 14. Bf2 Be7 15. Qe1 h6 16. Rd1 a5 17.
Bh4 g5 18. fxg5 hxg5 19. Bg3 Rh7 20. h3 Bd7 21. Nh2 Bc6 22. Ng4 Nd7 23. Qd2 b4 24.
Rf2 bxc3 25. bxc3 Rb8 26. Rdf1 Qc7 27. Qc2 Rg7 28. Nh6 Qb7 29. Nxf7 Qb2 30. Qd1 Qxa2 31. Nd6+ Bxd6 32. exd6 Ba4 33. Qc1 Qc2 34. Qe3 Qe4 35.
Qc1 Rb7 36. Qa1 Bc6 37. Qxa5 Rb2 38. Re1 Qe3 39. Kf1 Rf7 40. Qc7 Bb7 41. Rxf7 Kxf7 42. Qxd7+ Kg6 43. Qe7 Qd3 44. Qxe6+ Kh5 45. Qg4+ Kg6 46.
Qf3 Bc8 47. Qxd3+ cxd3 48. Ng1 d2 49. Rd1 Ba6+ 50. Kf2 Kf7 51. Nf3 Bd3 52. Rxd2 Rxd2+ 53. Nxd2 Ke6 54. Nf3 Kd7 55. Nxg5 Bf5 56. Nf3 Ke6 57.
Ke3 Bg6 58. Be5 Kd7 59. g3 Bf5 60. h4 Be4 61. Kf4 Bd3 62. Ng5 Bg6 63. g4 Ke8 64.
h5 Kf8 65. hxg6 Ke8 66. g7 Kd8 67. g8=Q+ Kd7 68. Qf7+ Kc6 69. Qc7+ Kb5 70. Qc5+ Ka4 71. Qb4# 1-0

[Event "*** SCC Grand Prix: Titled Tuesday Blitz"]
[Site "Chess.com"]
[Date "2020.07.21"]
[Round "8"]
[White "ajian"]
[Black "Onegust"]
[Result "1-0"]
[WhiteElo "2439"]
[BlackElo "2571"]
[TimeControl "180+1"]
[EndTime "11:36:46 PDT"]
[Termination "ajian won on time"]

1. Nf3 Nf6 2. b3 g6 3. Bb2 Bg7 4. e3 O-O 5. Be2 b6 6. O-O Bb7 7. c4 d6 8. d4 Nbd7 9. Nbd2 e6 10. Qc2 Qe7 11. e4 Nh5 12. Rfe1 Nf4 13. Bf1 g5 14. g3 Ng6 15. h3 h6 16. Bg2 c5 17. Rad1 cxd4 18. Nxd4 a6 19. Nf1 Rac8 20. Qd2 Rfd8 21. Nh2 Nf6 22. Ba3 Qc7 23. Rc1 Qb8 24.
Qe3 Nd7 25. Red1 Nc5 26. Ng4 Ne5 27. Bb2 Qc7 28. Kh2 Ncd7 29. f4 gxf4 30. gxf4 Nxg4+ 31. hxg4 Qc5 32. Bc3 Nf6 33. Qe2 Qc7 34. g5 hxg5 35.
fxg5 Nd7 36. Kh1 Ne5 37. Nf3 Qc5 38. Rf1 Ng6 39. Bxg7 Kxg7 40. Qb2+ Kg8 41. b4 Qc7 42. Qd4 Qe7 43. Qe3 e5 44. Qf2 Nf4 45. Qg3 b5 46. Rcd1 Rxc4 47. Nh4 Bxe4 48. Bxe4 Rxe4 49. g6 Qf6 50.
gxf7+ Kxf7 51. Rg1 Rg8 52. Qxg8+ Ke7 53. Rg7+ 1-0

[Event "*** SCC Grand Prix: Titled Tuesday Blitz"]
[Site "Chess.com"]
[Date "2020.07.21"]
[Round "8"]
[White "nobodyperfect13"]
[Black "Gerodot71"]
[Result "0-1"]
[WhiteElo "2289"]
[BlackElo "2413"]
[TimeControl "180+1"]
[EndTime "11:36:46 PDT"]
[Termination "Gerodot71 won on time"]

1. c4 e5 2. g3 c6 3. d4 exd4 4. Qxd4 Nf6 5. Nc3 Na6 6. Bg2 Bc5 7. Qd1 O-O 8. Nf3 Re8 9. O-O Nc7 10. b3 a5 11. Bb2 d6 12. Qd2 Bb4 13. a3 Ne4 14.
Qc2 Bxc3 15. Bxc3 Bf5 16. Nd4 Nxc3 17. Nxf5 Nxe2+ 18. Kh1 g6 19. Rae1 gxf5 20. Rxe2 Qf6 21. Rd2 Rad8 22. Rfd1 Re6 23. Kg1 Rde8 24. h3 f4 25. Rd3 fxg3 26. Rxg3+ Kh8 27. Rd2 Re1+ 28. Kh2 R1e5 29. Rd4 Rg8 30. Rdg4 Reg5 31. Rxg5 Rxg5 32. Rxg5 Qxg5 33. Qc3+ Qe5+ 34. Qxe5+ dxe5 35. b4 axb4 36. axb4 Kg7 37. Kg3 f5 38. f4 e4 39. Kf2 Kf6 40.
Ke3 Na6 41. b5 Nc5 42. Kd4 Ne6+ 43. Ke3 Ke7 44. Bf1 Kd6 45. bxc6 bxc6 46. Be2 Kc5 47.
h4 Ng7 48. h5 Ne8 49. h6 Nf6 50. Bf1 Ng4+ 51. Kd2 Nxh6 52. Bh3 Kd4 0-1

[Event "*** SCC Grand Prix: Titled Tuesday Blitz"]
[Site "Chess.com"]
[Date "2020.07.21"]
[Round "8"]
[White "petincash"]
[Black "ehrenfeld"]
[Result "0-1"]
[WhiteElo "2349"]
[BlackElo "2511"]
[TimeControl "180+1"]
[EndTime "11:36:48 PDT"]
[Termination "ehrenfeld won on time"]

1. e4 e5 2. Nf3 Nc6 3. g3 Nf6 4.
d3 Bc5 5. Bg2 d6 6. O-O h6 7. c3 O-O 8. b4 Bb6 9. Nbd2 a6 10. Nc4 Ba7 11. a4 Be6 12. Qe2 Ne7 13. Be3 Bxe3 14. Nxe3 a5 15. b5 Nd7 16. d4 Ng6 17. d5 Nc5 18. dxe6 fxe6 19. Nd2 Qg5 20. h4 Qe7 21. Qg4 Kh7 22. Rfd1 Rf6 23. Ndf1 Raf8 24. Ra2 Kh8 25. Nh2 Nf4 26. gxf4 Rxf4 27. Qg3 Nxe4 28.
Bxe4 Rxe4 29. Ng2 Rc4 30. f3 b6 31. Rd3 Qf6 32. Ng4 Qg6 33. N2e3 Qxd3 34. Nxc4 Qxc4 35. Rg2 Qf4 36. Qxf4 Rxf4 37. Ne3 Kg8 38. Kf2 Rxa4 39. Rg6 Kf7 40. h5 Rh4 41. Ng2 Rxh5 42. Rg4 Rh1 43. f4 e4 44. Ne3 g6 45. Rg1 Rh2+ 46. Kg3 Rb2 47. Ng4 h5 48. Nf2 Rxb5 49. Nxe4 Rb3 50. Ng5+ Kf6 51. Re1 Rxc3+ 52. Kh4 Rc2 53. Rxe6+ Kf5 54.
Re7 Kxf4 55. Ne6+ Kf3 56. Nxc7 a4 57. Nb5 Rc4+ 58. Kg5 Rg4+ 59. Kh6 h4 60. Nxd6 h3 61. Rf7+ Kg2 62. Nb5 h2 0-1

[Event "*** SCC Grand Prix: Titled Tuesday Blitz"]
[Site "Chess.com"]
[Date "2020.07.21"]
[Round "8"]
[White "vladgoncharov"]
[Black "BabyBoss31"]
[Result "0-1"]
[WhiteElo "2369"]
[BlackElo "2218"]
[TimeControl "180+1"]
[EndTime "11:36:54 PDT"]
[Termination "BabyBoss31 won on time"]

1. d4 d5 2. c4 Nc6 3. cxd5 Qxd5 4. e3 e5 5. Nc3 Bb4 6. Bd2 Bxc3 7. bxc3 Nf6 8. Ne2 O-O 9. Ng3 exd4 10. cxd4 Re8 11. Be2 Qxg2 12. Bf3 Qh3 13. Bxc6 bxc6 14. Qf3 Be6 15. Qf4 Bd5 16. Rg1 Qxh2 17. O-O-O Ne4 18.
Be1 Kh8 19. Qxc7 Nxf2 20. Bxf2 Qxf2 21. Qf4 Qxe3+ 22. Qxe3 Rxe3 23. Nf5 Rf3 24. Nxg7 Rg8 25. Nh5 Rxg1 26. Rxg1 Rf5 27. Ng7 Rf6 28. Ne8 Re6 29. Nc7 Re4 30. a3 Rxd4 31. Kc2 Re4 32. Kc3 Re7 33.
Na6 f5 34. Nc5 f4 35. Nd3 f3 36. Kd4 Rf7 37. Nf2 Rf4+ 38. Ke5 Rf7 39. Rb1 h6 40. Rb4 Kh7 41. Rh4 Kg6 42. Rh3 h5 43. Rg3+ Kh6 44. Rh3 Kg5 45. Rg3+ Kh6 46. Rh3 Rg7 47. Kf4 Rg2 48.
Ke3 Rg1 49. a4 Re1+ 50. Kf4 Re2 51. Kg3 Ra2 52. Rh4 a5 53. Rf4 Rb2 54. Rf8 Rb4 55.
Rh8+ Kg6 56. Ra8 Rxa4 57. Nh3 h4+ 58. Kf2 Ra2+ 59. Ke3 a4 60. Ra5 a3 61. Nf4+ Kf7 62. Nh3 Ra1 0-1

[Event "*** SCC Grand Prix: Titled Tuesday Blitz"]
[Site "Chess.com"]
[Date "2020.07.21"]
[Round "8"]
[White "Igor_Lysyj"]
[Black "Fandorine"]
[Result "0-1"]
[WhiteElo "2816"]
[BlackElo "2935"]
[TimeControl "180+1"]
[EndTime "11:36:55 PDT"]
[Termination "Fandorine won on time"]

1. d4 Nf6 2. Nf3 g6 3. e3 Bg7 4. Be2 O-O 5. O-O d6 6. c4 c5 7. Nc3 b6 8. d5 Na6 9. e4 Nc7 10. Re1 Bg4 11. h3 Bxf3 12. Bxf3 Nd7 13. Bd2 a6 14. a4 Rb8 15. Be2 e5 16. Bd3 Bf6 17.
Bh6 Bg7 18. Bd2 h5 19. g3 Kh7 20. Qc1 Ne8 21. Kg2 Nef6 22. Bg5 Qe8 23. a5 Ng8 24.
axb6 Rxb6 25. Bc2 Bh6 26. Bxh6 Nxh6 27. Ba4 Qe7 28. b3 Nf6 29. Qe3 Kg7 30. Rf1 h4 31. Rae1 Nh5 32. Qe2 Qg5 33. Qe3 Nf4+ 34. Kh2 hxg3+ 35.
Qxg3 Qf6 36. Rg1 Rh8 37. Re3 Nh5 38. Qf3 Nf4 39. Rg3 Rbb8 40. Kg1 Rh7 41. Ne2 Rbh8 42.
Rc3 Ng8 43. Kf1 Ne7 44. Ke1 Nh5 45. Qxf6+ Nxf6 46. Rge3 Nh5 47. Rf3 f5 48. exf5 gxf5 49. Ng3 Nf4 50. Ne2 Nxe2 51. Kxe2 Kf6 52. Rg3 Ng6 53. Kf1 Nf4 54. b4 cxb4 55. Rb3 Rxh3 56. Ke1 Rh1+ 57. Kd2 a5 58. c5 Ra1 59. Bc6 dxc5 0-1

[Event "*** SCC Grand Prix: Titled Tuesday Blitz"]
[Site "Chess.com"]
[Date "2020.07.21"]
[Round "8"]
[White "Nayemhaque22"]
[Black "bsnsun"]
[Result "0-1"]
[WhiteElo "2200"]
[BlackElo "2390"]
[TimeControl "180+1"]
[EndTime "11:36:57 PDT"]
[Termination "bsnsun won by resignation"]

1. e4 c6 2. d4 d5 3. exd5 cxd5 4. Bd3 Nc6 5. c3 Qc7 6. Ne2 Bg4 7. f3 Bh5 8. Bf4 Qb6 9. Qb3 e6 10. Nd2 Nf6 11.
O-O Be7 12. Rfe1 O-O 13. Ng3 Bg6 14. Bxg6 hxg6 15. Ngf1 Qa6 16. Ne3 b5 17. a4 b4 18.
Be5 bxc3 19. bxc3 Nxe5 20. dxe5 Nd7 21. Qb5 Nc5 22. Qxa6 Nxa6 23. c4 d4 24. Nc2 d3 25.
Ne3 Bb4 26. Red1 Nc5 27. Rab1 Bxd2 28. Rxd2 Rab8 29. Rb5 Rfc8 30. a5 a6 31. Rb6 Rxb6 32. axb6 Rb8 33. Rb2 Nd7 34. Rd2 Rxb6 35. Rxd3 Nxe5 36.
Rd2 Rb3 37. Kf2 Rc3 38. Ra2 Nxc4 39. Nxc4 Rxc4 40. Rxa6 g5 41. Kg3 Kh7 42. h3 Kg6 43.
Ra5 Kf6 44. Ra7 Rc2 45. Rb7 Kg6 46. Ra7 Re2 47. Rb7 f5 48. Re7 f4+ 49. Kh2 Kf6 50.
Ra7 e5 51. Ra6+ Kf5 52. Ra7 g6 53. Rf7+ Ke6 54. Rg7 Kf6 55. Rg8 e4 56. fxe4 Kf7 57. Rf8+ Kxf8 58. Kg1 Rxe4 0-1

[Event "*** SCC Grand Prix: Titled Tuesday Blitz"]
[Site "Chess.com"]
[Date "2020.07.21"]
[Round "8"]
[White "pastouche06"]
[Black "XiaoKangZhong"]
[Result "1-0"]
[WhiteElo "2528"]
[BlackElo "2356"]
[TimeControl "180+1"]
[EndTime "11:36:59 PDT"]
[Termination "pastouche06 won by resignation"]

1. d4 Nf6 2. c4 g6 3. f3 d5 4.
cxd5 Nxd5 5. e4 Nb6 6. Nc3 Bg7 7. Be3 O-O 8. Qd2 Nc6 9. O-O-O Qd6 10. Kb1 Qb4 11. a3 Qb3 12. Qc2 Qxc2+ 13. Kxc2 Rd8 14.
Nge2 Nc4 15. Bf2 e5 16. d5 Ne7 17. Nb5 Bd7 18. Nec3 Nd6 19. Kb3 a6 20. Nxc7 Rab8 21. Bc5 Nec8 22. Bd3 Bf8 23. Rc1 Bh6 24. Rc2 f6 25.
Na4 Bxa4+ 26. Kxa4 Rd7 27. Ne6 Kf7 28. Kb3 Bf8 29.
Rhc1 Be7 30. Ka2 Ne8 31. Bxe7 Kxe7 32. Rxc8 Rxc8 33. Rxc8 Rd6 34. b4 Rd7 35. Kb3 Nd6 36. Rc7 Ne8 37. Rxd7+ Kxd7 38. Nf8+ Ke7 39. Ne6 Kd7 40.
a4 Kd6 41. a5 Ke7 42. b5 axb5 43. Bxb5 Nd6 44. Kb4 Nc8 45. Kc5 h5 46. h4 f5 47.
exf5 gxf5 48. Bd3 Nd6 49. Nc7 e4 50. fxe4 fxe4 51. Be2 e3 52. Bxh5 Ne4+ 53. Kd4 Ng3 54. Bf3 e2 55. Bxe2 Nxe2+ 56. Kc5 Kd7 57. Nb5 Ng3 58.
Kb6 Ne4 59. Kxb7 Nc5+ 60. Kb6 Nd3 61. a6 Nb4 62. a7 Nxd5+ 63. Kb7 Nb6 64. Kxb6 1-0

[Event "*** SCC Grand Prix: Titled Tuesday Blitz"]
[Site "Chess.com"]
[Date "2020.07.21"]
[Round "8"]
[White "Kobalia"]
[Black "ulises2013"]
[Result "1/2-1/2"]
[WhiteElo "2755"]
[BlackElo "2640"]
[TimeControl "180+1"]
[EndTime "11:37:01 PDT"]
[Termination "Game drawn - insufficient material"]

1. e4 g6 2. d4 Bg7 3. Nf3 c5 4. c3 cxd4 5. cxd4 d5 6. e5 Bg4 7. Nbd2 e6 8. h3 Bxf3 9. Nxf3 Ne7 10. Bd3 Nbc6 11. O-O O-O 12. Be3 Nf5 13. Bxf5 gxf5 14. Qd2 f6 15. exf6 Qxf6 16. Bg5 Qg6 17. Rfe1 Rae8 18.
Bf4 Qf6 19. Ne5 Nxe5 20. Bxe5 Qh6 21. Qb4 Rf7 22. Qb5 Rc8 23. Qd3 Rc6 24. Qf3 Bxe5 25. Rxe5 Rc1+ 26. Rxc1 Qxc1+ 27. Kh2 Rf6 28. Re3 Qc7+ 29.
Qg3+ Qxg3+ 30. Rxg3+ Kf8 31. Rc3 Rf7 32. Kg3 Kg7 33. Kf4 Kf6 34. Rc8 a6 35. a4 Rg7 36.
g3 Rf7 37. b4 Rg7 38. b5 axb5 39. axb5 Rd7 40. Rf8+ Ke7 41. Rh8 Kf6 42. Rb8 Rc7 43. b6 Rd7 44. f3 h6 45. g4 fxg4 46.
hxg4 Rh7 47. Rc8 h5 48. Rc7 Rh8 49. gxh5 Rxh5 50. Rxb7 Rh1 51. Rc7 Rb1 52. b7 Rb3 53.
Kg4 Rb4 54. Kg3 Rb3 55. Kf4 Rb4 56. Ke3 e5 57. Rc6+ Kf5 58. dxe5 Kxe5 59. Rc7 Rb3+ 60. Kd2 Kd6 61. Rf7 Kc6 62. Ke1 Rxb7 63. Rxb7 Kxb7 64. Kd2 Kc6 65. Kd3 Kd6 66. Kd4 Ke6 67. f4 Kf5 68.
Kxd5 Kxf4 1/2-1/2